 Dungeon Crawl Stone Soup version 0.29-a0-557-g43b9904bd1 (webtiles) character file.

Game seed: 9321099682137893260

127 MylesGorder the Skirmisher (level 4, -3/40 HPs)
             Began as a Draconian Berserker on June 8, 2022.
             Was a Believer of Trog.
             Succumbed to Robin's poison
             ... on level 3 of the Dungeon.
             The game lasted 00:07:19 (2514 turns).

MylesGorder the Skirmisher (Draconian Berserker)    Turns: 2514, Time: 00:07:19

Health: -3/40      AC:  8    Str: 22    XL:     4   Next: 85%
Magic:  4/4        EV: 12    Int:  7    God:    Trog [**....]
Gold:   96         SH:  0    Dex: 10    Spells: 3/3 levels left

rFire   . . .      SeeInvis .   f - +0 great sword
rCold   . . .      Faith    .   (shield currently unavailable)
rNeg    . . .      Spirit   .   (body armour unavailable)
rPois   .          Reflect  .   (helmet restricted)
rElec   .          Harm     .   k - +2 cloak
rCorr   .          Rampage  .   (no gloves)
Will    .....                   (no boots)
Stlth   +.........              (no amulet)
HPRegen 0.13/turn               (no ring)
MPRegen 0.09/turn               (no ring)

@: lethally poisoned (-3 -> -27)
A: AC +5, unfitting armour, cold-blooded
a: Renounce Religion, Berserk, Trog's Hand


You were on level 3 of the Dungeon.
You worshipped Trog.
Trog was pleased with you.
You visited 1 branch of the dungeon, and saw 3 of its levels.

You collected 96 gold pieces.

Inventory:

Hand Weapons
 a - a +1 mace
 f - a +0 great sword (weapon)
Armour
 k - a +2 cloak (worn)
Wands
 b - a wand of iceblast (11)
Scrolls
 c - 3 scrolls of identify {unknown}
 d - a scroll of enchant armour
 g - a scroll of fog
Potions
 e - a potion of magic {unknown}
 h - 6 potions of heal wounds {unknown}
 j - a potion of flight {unknown}


   Skills:
 + Level 4.2 Fighting
 + Level 0.1 Long Blades
 + Level 4.1 Maces & Flails
 + Level 3.6 Dodging
 + Level 0.7 Stealth


You had 3 spell levels left.
You didn't know any spells.
Your spell library was empty.

Dungeon Overview and Level Annotations

Branches:
Dungeon (3/15)

Altars:
Kikubaaqudgha

Annotations:
D:3 Robin


Innate Abilities, Weirdness & Mutations

Your plain brown scales are hard. (AC +5)
You cannot fit into any form of body armour.
You are cold-blooded and may be slowed by cold attacks.


Message History

You kill the goblin!
Trog accepts your kill.
Robin hits you from afar with a +2 spear of venom.
You are poisoned.
The goblin hits you but does no damage. The hobgoblin barely misses you.
The hobgoblin misses you. Robin misses you. The goblin barely misses you.
You barely miss the hobgoblin. You tail-slap the hobgoblin.
The hobgoblin is heavily wounded.
You feel very sick. Robin misses you. The goblin hits you but does no damage.
The hobgoblin hits you but does no damage.
The hobgoblin misses you. Robin hits you but does no damage.
You are more poisoned.
The goblin closely misses you.
You completely miss the hobgoblin.
The hobgoblin is heavily wounded.
You feel very sick.
Robin hits you from afar with a +2 spear of venom.
You are more poisoned.
The hobgoblin hits you. The goblin hits you with a +0 dagger.
You slash the hobgoblin!
You kill the hobgoblin!
Trog accepts your kill.
You feel extremely sick. Robin throws the goblin at you!
The goblin closely misses you. The goblin hits you but does no damage.
The goblin misses you.
Robin hits you from afar with a +2 spear of venom.
* * * LOW HITPOINT WARNING * * *
The goblin attacks as you move away! The goblin hits you with a +0 club.
* * * LOW HITPOINT WARNING * * *
The goblin attacks as you move away! The goblin hits you with a +0 dagger.
* * * LOW HITPOINT WARNING * * *
x2 You feel very sick.
Robin hits you with a +2 spear of venom.
* * * LOW HITPOINT WARNING * * *
You are more poisoned.
Things that are here:
a +0 dagger; a +0 dagger; a hobgoblin corpse Robin attacks as you move away!
Robin misses you.
You die...

#.# #.# #.# #.#
..# #.#######
#.#..<..#
#@#.<...#
#)gg....#
.....gg##..†..#
######. #.....#
#. ###.### #.
#.# #. #.# #.
#.# #. ...


You could see Robin and 2 goblins.

Vanquished Creatures
  4 adders (D:2)
  4 gnolls (D:2)
  3 dart slugs
  8 ball pythons
  4 endoplasms
  A giant cockroach (D:3)
  6 goblins
  2 hobgoblins
  2 quokkas
  6 bats
  4 frilled lizards
  2 kobolds
  3 rats
49 creatures vanquished.

Notes
Turn   | Place    | Note
-------+----------+-------------------------------------------
     0 | D:1      | MylesGorder the Draconian Berserker began the quest for the
                  | Orb.
     0 | D:1      | Reached XP level 1. HP: 19/19 MP: 1/1
   107 | D:1      | Found a faded altar of an unknown god.
   277 | D:1      | Reached XP level 2. HP: 26/26 MP: 2/2
  1285 | D:2      | Reached XP level 3. HP: 33/33 MP: 3/3
  1285 | D:2      | Reached ** piety under Trog
  1547 | D:2      | Reached XP level 4. HP: 28/40 MP: 4/4
  1991 | D:2      | Found an ancient bone altar of Kikubaaqudgha.
  2503 | D:3      | Identified the +2 helmet of the Sunfish {Regen+ Int+6
                  | Slay+3}
  2503 | D:3      | Noticed Robin
  2513 | D:3      | HP: 2/40 [Robin/+2 spear of venom (4)]
  2514 | D:3      | Succumbed to Robin's poison

Illustrated notes

Levels and vault maps discovered:
D:1:      wheals_arrival_linesprint, layout_loops_ring,
          shapermc_ecumenical_altar_notcrosses, due_unseen_surprise
D:2:      minmay_general_purpose_star, layout_basic, basic_altar,
          corexii_corridor_pit
D:3:      layout_loops_ring, minmay_misc_feat_nine_boxes, uniq_robin

Skill      XL: |  1  2  3  4 |
---------------+-------------+-----
Dodging        | 3 |  3.6
Fighting       | 4 |  4.2
Maces & Flails | 4 |  4.1
Long Blades    | |  0.1
Stealth        | |  0.7

Action                   |  1- 3 |  4- 6 || total
-------------------------+-------+-------++-------
Melee: Mace              |    80 |    39 ||   119
       Tailslap          |     5 |     5 ||    10
       Punch             |     2 |       ||     2
       Great sword       |       |    13 ||    13
  Use: Scroll            |       |     6 ||     6
 Stab: Sleeping          |     2 |       ||     2
Armor: Skin              |    44 |    35 ||    79
Dodge: Dodged            |    82 |    45 ||   127

Table legend: (Time is in decaauts)
 A = Elapsed time spent in this place.
 B = Non-inter-level travel time spent in this place.
 C = Inter-level travel time spent in this place.
 D = Time resting spent in this place.
 E = Time spent auto-exploring this place.
 F = Levels seen in this place.
 G = Mean time per level.
                   A        B        C        D        E       F      G
               +--------+--------+--------+--------+--------+-----+--------+
         Total |   2551 |   2434 |    117 |    165 |   1846 |   3 |  850.3 |
       Dungeon |   2551 |   2434 |    117 |    165 |   1846 |   3 |  850.3 |
               +--------+--------+--------+--------+--------+-----+--------+

Top non-repeatable levels by time:
     D:2: 1462 daAuts
     D:1: 1058 daAuts
     D:3: 30 daAuts
